Kings vs Flames
(R1)
Created - October 18, 2023 at 19:21
Goals
|
| Kings |
1 |
0 |
0 |
1 |
| Flames |
1 |
1 |
1 |
3 |
|
Shots
|
| Kings |
12 |
12 |
4 |
28 |
| Flames |
4 |
13 |
6 |
23 |
|
1st period
1. Kings , Jordan Eberle 1 (Adam Fox 3, Aleksander Barkov 1) at 0:39
2. Flames , Kyle Palmieri 2 (Colby Robak 1) at 15:16 (SH)
Penalties :
Erik Johnson (Cal) for Hooking (Minor) at 13:43, Cam Fowler (L.A) for Tripping (Minor) at 16:22, Colby Robak (Cal) for Hooking (Minor) at 19:02
2nd period
3. Flames , Eric Staal 3 (Bryan Rust 4, Erik Johnson 3) at 11:29
Penalties :
Eric Staal (Cal) for Hooking (Minor) at 2:23, Sami Vatanen (Cal) for Hooking (Minor) at 11:52, Jimmy Hayes (Cal) for Hooking (Minor) at 15:34
3rd period
4. Flames , Tanner Pearson 3 (Jimmy Hayes 4, Patrik Berglund 2) at 5:01 (PP)
Penalties :
Jordan Eberle (L.A) for Hooking (Minor) at 1:21, Jared Cowen (L.A) for Interference (Minor) at 4:19, Erik Johnson (Cal) for Hooking (Minor) at 5:18, Sean Bergenheim (L.A) for Tripping (Minor) at 11:26, Erik Johnson (Cal) for Tripping (Minor) at 13:38
Goalie Stats
Eric Comrie (L.A), 20 saves from 23 shots - (0.870), L, 0-1-0, 60:00 minutes
Christopher Gibson (Cal), 27 saves from 28 shots - (0.964), W, 1-1-0, 60:00 minutes
Players Stats for Kings
Player Name G A P +/- PIM S H SB GA TA FO MP PP MP PK MP
------------------------------------------------------------------------------------
Adam Fox 0 1 1 1 0 1 1 3 0 0 0/0 19:37 8:50 0:00
Aleksander Barkov 0 1 1 1 0 1 0 0 1 0 5/9 15:50 6:03 0:15
Alex DeBrincat 0 0 0 1 0 1 3 0 0 0 0/1 15:27 6:03 0:00
Anze Kopitar 0 0 0 -1 0 3 2 0 0 0 9/20 14:55 0:12 1:45
Auston Matthews 0 0 0 -1 0 1 0 0 3 0 4/15 17:49 7:38 0:00
Cam Fowler 0 0 0 0 2 0 2 2 1 2 0/0 21:32 5:03 1:47
Chris Kreider 0 0 0 -2 0 2 4 0 1 0 0/1 19:15 7:38 0:26
Hampus Lindholm 0 0 0 -1 0 3 2 1 0 0 0/0 22:39 8:50 1:03
Jared Cowen 0 0 0 -1 2 2 1 1 1 0 0/0 18:27 0:12 3:49
Joe Pavelski 0 0 0 0 0 1 1 0 1 0 0/0 13:56 0:12 4:15
Jordan Eberle 1 0 1 0 2 4 0 0 1 0 0/1 17:43 5:03 0:32
Marc Staal 0 0 0 0 0 1 1 2 1 0 0/0 16:56 0:00 4:31
Matthew Tkachuk 0 0 0 0 0 0 0 0 0 0 0/0 15:03 6:03 0:00
Michael Matheson 0 0 0 0 0 0 0 1 0 2 0/0 14:13 0:00 2:08
Mitch Marner 0 0 0 -2 0 2 2 1 1 0 1/1 18:34 7:38 0:00
Ryan Getzlaf 0 0 0 0 0 2 0 0 3 0 8/12 11:59 0:00 4:20
Sean Bergenheim 0 0 0 0 2 2 2 0 0 0 0/0 10:02 0:00 0:00
Zac Rinaldo 0 0 0 0 0 2 0 0 0 1 1/1 9:20 0:00 1:45
Players Stats for Flames
Player Name G A P +/- PIM S H SB GA TA FO MP PP MP PK MP
------------------------------------------------------------------------------------
Anders Lee 0 0 0 0 0 0 0 0 0 0 0/1 6:55 0:00 1:07
Brad Marchand 0 0 0 1 0 1 2 3 0 0 1/2 16:04 0:06 3:01
Bryan Rust 0 1 1 1 0 0 1 0 1 3 1/1 20:57 0:06 7:17
Christian Folin 0 0 0 1 0 2 0 1 0 1 0/0 24:57 2:56 7:44
Colby Robak 0 1 1 1 2 1 2 0 1 0 0/0 17:45 0:00 5:45
Colin Wilson 0 0 0 0 0 1 0 0 0 0 3/5 8:44 0:00 0:03
David Ullstrom 0 0 0 0 0 0 3 0 1 1 0/0 6:51 0:06 1:04
Eric Staal 1 0 1 1 2 2 0 2 0 1 17/30 22:46 2:48 6:10
Erik Johnson 0 1 1 0 6 2 1 2 0 1 0/0 26:11 3:43 5:03
Esa Lindell 0 0 0 0 0 0 2 0 0 2 0/0 16:53 2:56 1:54
Jake DeBrusk 0 0 0 0 0 2 2 0 0 1 0/0 11:39 2:48 0:00
Jimmy Hayes 0 1 1 -1 2 2 0 0 0 0 0/0 14:06 3:45 0:00
Kevin Labanc 0 0 0 0 0 1 1 0 1 0 0/0 12:19 2:48 0:00
Kyle Palmieri 1 0 1 1 0 2 0 1 1 0 1/1 10:41 0:00 4:32
Mathieu Brodeur 0 0 0 0 0 0 0 0 0 2 0/0 8:59 0:00 0:00
Patrik Berglund 0 1 1 0 0 2 1 0 0 1 10/21 19:33 3:45 4:32
Sami Vatanen 0 0 0 0 2 1 3 3 0 0 0/0 26:34 3:43 7:20
Tanner Pearson 1 0 1 -1 0 4 2 0 0 1 0/0 14:06 3:45 0:00
3 Stars
1 - Christopher Gibson (Cal)
2 - Kyle Palmieri (Cal)
3 - Tanner Pearson (Cal)
Power Play
Kings - 0 on 7 Attempt(s) - 0.00%
Flames - 1 on 4 Attempt(s) - 25.00%
Penalty Kill
Kings - 3 on 4 Attempt(s) - 75.00%
- Score 0 goal in Penalty Kill
Flames - 7 on 7 Attempt(s) - 100.00%
- Score 1 goal in Penalty Kill
Team Stat
Kings - Hits : 21 - Faceoff Wins : 28 - Blocked Shots : 11 - Penalty Minutes : 8
Flames - Hits : 20 - Faceoff Wins : 33 - Blocked Shots : 12 - Penalty Minutes : 14
Official
Referees : Garrett Rank and Conor O'Donnell
Linesman : Steve Miller and Mark Shewchyk
Game Notes
No Game Note
Finance
Level 1 -- Attendance: 6000 (100.00%) -- Ticket Income $600,000
Level 2 -- Attendance: 5000 (100.00%) -- Ticket Income $300,000
Level 3 -- Attendance: 2000 (100.00%) -- Ticket Income $70,000
Level 4 -- Attendance: 3945 (98.63%) -- Ticket Income $98,625
Luxury Box -- Attendance: 1000 (100.00%) -- Ticket Income $200,000
Game was played at the Scotiabank Saddledome.
Total Attendance: 17945 (99.69%)
Total Ticket Income: $1,268,625
Other Income: $190,294
Total Income: $1,458,919
Kings
5 vs 5 Forward
Center Left Wing Right Wing Time % Phy DF OF
1 Anze Kopitar Chris Kreider Mitch Marner 35 1 2 2
2 Aleksander Barkov Alex DeBrincat Jordan Eberle 30 1 2 2
3 Auston Matthews Sean Bergenheim Matthew Tkachuk 30 1 2 2
4 Ryan Getzlaf Zac Rinaldo Joe Pavelski 5 1 2 2
5 vs 5 Defense
Defense Defense Time % Phy DF OF
1 Hampus Lindholm Jared Cowen 40 1 3 1
2 Cam Fowler Adam Fox 40 1 3 1
3 Michael Matheson Marc Staal 20 1 3 1
4 Hampus Lindholm Jared Cowen 0 1 2 2
PowerPlay Forward
Center Left Wing Right Wing Time % Phy DF OF
1 Auston Matthews Chris Kreider Mitch Marner 60 1 1 3
2 Aleksander Barkov Alex DeBrincat Matthew Tkachuk 40 1 1 3
PowerPlay Defense
Defense Defense Time % Phy DF OF
1 Hampus Lindholm Adam Fox 70 0 2 3
2 Cam Fowler Jordan Eberle 30 0 3 2
Penalty Kill 4 Players Forward
Center Wing Time % Phy DF OF
1 Ryan Getzlaf Joe Pavelski 60 1 2 2
2 Anze Kopitar Zac Rinaldo 40 1 2 2
Penalty Kill 4 Players Defense
Defense Defense Time % Phy DF OF
1 Marc Staal Jared Cowen 60 1 2 2
2 Cam Fowler Michael Matheson 40 1 2 2
Penalty Kill - 3 Players Forward
Forward Time % Phy DF OF
1 Anze Kopitar 60 1 2 2
2 Ryan Getzlaf 40 1 2 2
Penalty Kill - 3 Players Defense
Defense Defense Time % Phy DF OF
1 Marc Staal Jared Cowen 60 1 2 2
2 Cam Fowler Michael Matheson 40 1 2 2
4 vs 4 Forward
Center Wing Time % Phy DF OF
1 Anze Kopitar Chris Kreider 60 1 2 2
2 Aleksander Barkov Jordan Eberle 40 1 2 2
4 vs 4 Defense
Defense Defense Time % Phy DF OF
1 Hampus Lindholm Cam Fowler 60 1 2 2
2 Jared Cowen Adam Fox 40 1 2 2
Last Minutes Offensive
Center Left Wing Right Wing Defense Defense
Anze Kopitar Chris Kreider Jordan Eberle Hampus Lindholm Adam Fox
Last Minutes Defensive
Center Left Wing Right Wing Defense Defense
Anze Kopitar Chris Kreider Jordan Eberle Marc Staal Jared Cowen
Goaltenders
Starting : Eric Comrie
Backup : Alexandar Georgiev
Extra Forwards
Normal : Anze Kopitar, Aleksander Barkov, Auston Matthews - PP : Anze Kopitar, Joe Pavelski - PK : Jordan Eberle
Extra Defensemen
Normal : Hampus Lindholm, Jared Cowen, Marc Staal - PP : Jared Cowen - PK : Hampus Lindholm, Adam Fox
Penalty Shots
Alex DeBrincat, Auston Matthews, Chris Kreider, Jordan Eberle, Anze Kopitar
Custom OT Lines Forwards
Chris Kreider, Jordan Eberle, Anze Kopitar, Aleksander Barkov, Joe Pavelski, Sean Bergenheim, Auston Matthews, Alex DeBrincat, Mitch Marner, Matthew Tkachuk
Custom OT Lines Defensemen
Hampus Lindholm, Jared Cowen, Cam Fowler, Marc Staal, Adam Fox
Scratches
Darroll Powe (Healthy), Luke Adam (Healthy), Philip Larsen (Healthy), Roman Josi (Healthy)
Flames
5 vs 5 Forward
Center Left Wing Right Wing Time % Phy DF OF
1 Eric Staal Brad Marchand Bryan Rust 38 0 2 3
2 Patrik Berglund Tanner Pearson Jimmy Hayes 33 0 2 3
3 Colin Wilson Jake DeBrusk Kevin Labanc 19 0 2 3
4 Anders Lee David Ullstrom Kyle Palmieri 10 0 2 3
5 vs 5 Defense
Defense Defense Time % Phy DF OF
1 Erik Johnson Sami Vatanen 40 0 3 2
2 Esa Lindell Christian Folin 30 0 3 2
3 Colby Robak Mathieu Brodeur 20 0 3 2
4 Colby Robak Christian Folin 10 0 3 2
PowerPlay Forward
Center Left Wing Right Wing Time % Phy DF OF
1 Patrik Berglund Tanner Pearson Jimmy Hayes 60 1 2 2
2 Eric Staal Jake DeBrusk Kevin Labanc 40 1 2 2
PowerPlay Defense
Defense Defense Time % Phy DF OF
1 Erik Johnson Sami Vatanen 60 1 2 2
2 Esa Lindell Christian Folin 40 1 2 2
Penalty Kill 4 Players Forward
Center Wing Time % Phy DF OF
1 Eric Staal Bryan Rust 60 1 3 1
2 Patrik Berglund Kyle Palmieri 40 1 3 1
Penalty Kill 4 Players Defense
Defense Defense Time % Phy DF OF
1 Erik Johnson Sami Vatanen 60 1 3 1
2 Colby Robak Christian Folin 40 1 3 1
Penalty Kill - 3 Players Forward
Forward Time % Phy DF OF
1 Eric Staal 60 1 3 1
2 Patrik Berglund 40 1 3 1
Penalty Kill - 3 Players Defense
Defense Defense Time % Phy DF OF
1 Erik Johnson Sami Vatanen 60 1 3 1
2 Colby Robak Christian Folin 40 1 3 1
4 vs 4 Forward
Center Wing Time % Phy DF OF
1 Patrik Berglund Brad Marchand 60 1 2 2
2 Eric Staal Tanner Pearson 40 1 2 2
4 vs 4 Defense
Defense Defense Time % Phy DF OF
1 Erik Johnson Sami Vatanen 60 1 2 2
2 Esa Lindell Christian Folin 40 1 2 2
Last Minutes Offensive
Center Left Wing Right Wing Defense Defense
Eric Staal Brad Marchand Jimmy Hayes Erik Johnson Sami Vatanen
Last Minutes Defensive
Center Left Wing Right Wing Defense Defense
Eric Staal Brad Marchand Bryan Rust Erik Johnson Sami Vatanen
Goaltenders
Starting : Christopher Gibson
Backup : Henrik Lundqvist
Extra Forwards
Normal : Brad Marchand, Tanner Pearson, Kevin Labanc - PP : Brad Marchand, Kevin Labanc - PK : Brad Marchand
Extra Defensemen
Normal : Christian Folin, Colby Robak, Esa Lindell - PP : Esa Lindell - PK : Christian Folin, Colby Robak
Penalty Shots
Tanner Pearson, Eric Staal, Jimmy Hayes, Kevin Labanc, Patrik Berglund
Custom OT Lines Forwards
Eric Staal, Patrik Berglund, Brad Marchand, Tanner Pearson, Bryan Rust, Jimmy Hayes, Kevin Labanc, David Ullstrom, Colin Wilson, Kyle Palmieri
Custom OT Lines Defensemen
Erik Johnson, Sami Vatanen, Christian Folin, Esa Lindell, Colby Robak
Scratches
Chris Brown (Healthy), David Savard (Healthy), Matthew Nieto (Healthy), Victor Rask (Healthy)
% Time on Ice - Kings
Lines # - Real PCT - Wanted PCT - Time Play
Normal Forward
1 - 30% - 35% - 11:54
2 - 29% - 30% - 11:19
3 - 23% - 30% - 9:06
4 - 18% - 5% - 7:09
Normal Defense
1 - 34% - 40% - 13:31
2 - 36% - 40% - 14:17
3 - 30% - 20% - 11:40
4 - 0% - 0% - 0:00
PP Forward
1 - 56% - 60% - 7:50
2 - 44% - 40% - 6:03
PP Defense
1 - 64% - 70% - 8:50
2 - 36% - 30% - 5:03
PK Forward
1 - 74% - 60% - 4:54
2 - 26% - 40% - 1:45
PK Defense
1 - 68% - 60% - 4:31
2 - 32% - 40% - 2:08
PK3 Forward
1 - 0% - 60%
2 - 0% - 40%
PK3 Defense
1 - 0% - 60%
2 - 0% - 40%
44 Forward
1 - 0% - 60%
2 - 0% - 40%
44 Defense
1 - 0% - 60%
2 - 0% - 40%
Last Minute Offensive - 0:00
Last Minute Defensive - 0:00
Total
Forward - 60:00
Defense - 60:00
|
% Time on Ice - Flames
Lines # - Real PCT - Wanted PCT - Time Play
Normal Forward
1 - 35% - 38% - 13:44
2 - 30% - 33% - 11:49
3 - 22% - 19% - 8:41
4 - 13% - 10% - 5:14
Normal Defense
1 - 43% - 40% - 16:47
2 - 29% - 30% - 11:36
3 - 23% - 20% - 9:06
4 - 5% - 10% - 1:59
PP Forward
1 - 58% - 60% - 3:51
2 - 42% - 40% - 2:48
PP Defense
1 - 56% - 60% - 3:43
2 - 44% - 40% - 2:56
PK Forward
1 - 67% - 60% - 9:21
2 - 33% - 40% - 4:32
PK Defense
1 - 71% - 60% - 9:48
2 - 29% - 40% - 4:05
PK3 Forward
1 - 0% - 60%
2 - 0% - 40%
PK3 Defense
1 - 0% - 60%
2 - 0% - 40%
44 Forward
1 - 0% - 60%
2 - 0% - 40%
44 Defense
1 - 0% - 60%
2 - 0% - 40%
Last Minute Offensive - 0:00
Last Minute Defensive - 0:00
Total
Forward - 60:00
Defense - 60:00
|
Play-by-Play
1st period
0:01 of 1st period - Eric Staal wins face-off versus Anze Kopitar in neutral zone.
0:12 of 1st period - Snap shot by Mitch Marner.
0:12 of 1st period - Shot Blocked by Brad Marchand.
0:26 of 1st period - Patrik Berglund is hit by Alex DeBrincat and loses puck.
0:37 of 1st period - Wrist shot by Jordan Eberle.
0:37 of 1st period - Stopped by Christopher Gibson with a rebound.
0:39 of 1st period - Slapshot by Adam Fox.
0:39 of 1st period - Deflect By Jordan Eberle.
0:39 of 1st period - Goal by Jordan Eberle - Kings : 1 - Flames : 0.
0:40 of 1st period - Colin Wilson wins face-off versus Auston Matthews in neutral zone.
0:50 of 1st period - Icing by Esa Lindell.
0:51 of 1st period - Colin Wilson wins face-off versus Auston Matthews in Flames zone.
1:05 of 1st period - Off-side.
1:06 of 1st period - Ryan Getzlaf wins face-off versus Anders Lee in neutral zone.
1:11 of 1st period - Snap shot by Marc Staal.
1:11 of 1st period - Shot Blocked by Kyle Palmieri.
1:38 of 1st period - Snap shot by Aleksander Barkov.
1:38 of 1st period - Stopped by Christopher Gibson without a rebound.
1:39 of 1st period - Patrik Berglund wins face-off versus Anze Kopitar in Flames zone.
1:46 of 1st period - Snap shot by Jimmy Hayes.
1:46 of 1st period - Shot Blocked by Cam Fowler.
1:48 of 1st period - Snap shot by Tanner Pearson.
1:48 of 1st period - Shot Misses the Net.
1:50 of 1st period - Slapshot by Christian Folin.
1:50 of 1st period - Shot Blocked by Adam Fox.
1:52 of 1st period - Wrist shot by Jimmy Hayes.
1:52 of 1st period - Shot Misses the Net.
2:06 of 1st period - Adam Fox is hit by Brad Marchand and loses puck.
2:57 of 1st period - Wrist shot by Alex DeBrincat.
2:57 of 1st period - Stopped by Christopher Gibson without a rebound.
2:58 of 1st period - Patrik Berglund wins face-off versus Alex DeBrincat in Flames zone.
3:05 of 1st period - Wrist shot by Jimmy Hayes.
3:05 of 1st period - Stopped by Eric Comrie with a rebound.
3:25 of 1st period - Chris Kreider is hit by Sami Vatanen and loses puck.
3:48 of 1st period - Snap shot by Brad Marchand.
3:48 of 1st period - Shot Misses the Net.
4:14 of 1st period - Snap shot by Sean Bergenheim.
4:14 of 1st period - Shot Misses the Net.
4:30 of 1st period - Sami Vatanen is hit by Hampus Lindholm and loses puck.
4:52 of 1st period - Christian Folin is hit by Chris Kreider.
4:56 of 1st period - Wrist shot by Mitch Marner.
4:56 of 1st period - Stopped by Christopher Gibson without a rebound.
4:57 of 1st period - Anze Kopitar wins face-off versus Eric Staal in Flames zone.
5:14 of 1st period - Wrist shot by Chris Kreider.
5:14 of 1st period - Deflect By Anze Kopitar.
5:14 of 1st period - Shot Misses the Net.
5:14 of 1st period - Puck is out of play.
5:15 of 1st period - Aleksander Barkov wins face-off versus Patrik Berglund in Flames zone.
6:16 of 1st period - Slapshot by Hampus Lindholm.
6:16 of 1st period - Stopped by Christopher Gibson without a rebound.
6:17 of 1st period - Kyle Palmieri wins face-off versus Anze Kopitar in Flames zone.
6:17 of 1st period - Kyle Palmieri is hit by Chris Kreider.
6:29 of 1st period - Backhand shot by Anze Kopitar.
6:29 of 1st period - Shot Misses the Net.
6:31 of 1st period - Wrist shot by Mitch Marner.
6:31 of 1st period - Stopped by Christopher Gibson with a rebound.
6:33 of 1st period - Wrist shot by Chris Kreider.
6:33 of 1st period - Stopped by Christopher Gibson with a rebound.
6:45 of 1st period - Snap shot by Auston Matthews.
6:45 of 1st period - Shot Misses the Net.
7:27 of 1st period - Snap shot by Patrik Berglund.
7:27 of 1st period - Shot Misses the Net.
8:43 of 1st period - Christian Folin is hit by Chris Kreider and loses puck.
8:54 of 1st period - Tanner Pearson is hit by Joe Pavelski and loses puck.
9:24 of 1st period - Bryan Rust is hit by Sean Bergenheim and loses puck.
9:28 of 1st period - Icing by Brad Marchand.
9:29 of 1st period - Anze Kopitar wins face-off versus Eric Staal in Flames zone.
9:30 of 1st period - Snap shot by Chris Kreider.
9:30 of 1st period - Deflect By Anze Kopitar.
9:30 of 1st period - Stopped by Christopher Gibson without a rebound.
9:31 of 1st period - Anze Kopitar wins face-off versus Eric Staal in Flames zone.
9:34 of 1st period - Snap shot by Chris Kreider.
9:34 of 1st period - Shot Blocked by Eric Staal.
9:36 of 1st period - Backhand shot by Anze Kopitar.
9:36 of 1st period - Shot Misses the Net.
9:44 of 1st period - Snap shot by Mitch Marner.
9:44 of 1st period - Shot Blocked by Brad Marchand.
9:46 of 1st period - Wrist shot by Anze Kopitar.
9:46 of 1st period - Shot Misses the Net.
9:48 of 1st period - Slapshot by Anze Kopitar.
9:48 of 1st period - Shot Blocked by Sami Vatanen.
10:04 of 1st period - Snap shot by Jordan Eberle.
10:04 of 1st period - Stopped by Christopher Gibson with a rebound.
10:27 of 1st period - Sean Bergenheim is hit by Sami Vatanen and loses puck.
11:01 of 1st period - Snap shot by Anders Lee.
11:01 of 1st period - Shot Misses the Net.
11:51 of 1st period - Snap shot by Sean Bergenheim.
11:51 of 1st period - Stopped by Christopher Gibson without a rebound.
11:52 of 1st period - Eric Staal wins face-off versus Ryan Getzlaf in Flames zone.
11:57 of 1st period - Wrist shot by Eric Staal.
11:57 of 1st period - Deflect By Hampus Lindholm.
11:57 of 1st period - Shot Hit the Post.
11:57 of 1st period - Puck is out of play.
11:58 of 1st period - Ryan Getzlaf wins face-off versus Patrik Berglund in Kings zone.
12:24 of 1st period - Slapshot by Zac Rinaldo.
12:24 of 1st period - Stopped by Christopher Gibson without a rebound.
12:25 of 1st period - Eric Staal wins face-off versus Anze Kopitar in Flames zone.
12:40 of 1st period - Off-side.
12:41 of 1st period - Patrik Berglund wins face-off versus Auston Matthews in neutral zone.
13:43 of 1st period - Minor Penalty to Erik Johnson for Hooking.
13:44 of 1st period - Eric Staal wins face-off versus Auston Matthews in Flames zone.
15:16 of 1st period - Wrist shot by Kyle Palmieri.
15:16 of 1st period - Deflect By Chris Kreider.
15:16 of 1st period - Goal by Kyle Palmieri - Kings : 1 - Flames : 1.
15:17 of 1st period - Eric Staal wins face-off versus Aleksander Barkov in neutral zone.
15:43 of 1st period - Penalty to Erik Johnson is over, Erik Johnson is back on ice.
15:44 of 1st period - Wrist shot by Mitch Marner.
15:44 of 1st period - Shot Misses the Net.
16:00 of 1st period - Jordan Eberle is hit by Sami Vatanen and loses puck.
16:22 of 1st period - Minor Penalty to Cam Fowler for Tripping.
16:23 of 1st period - Ryan Getzlaf wins face-off versus Patrik Berglund in Kings zone.
16:52 of 1st period - Wrist shot by Jake DeBrusk.
16:52 of 1st period - Stopped by Eric Comrie with a rebound.
17:02 of 1st period - Hampus Lindholm is hit by Jake DeBrusk and loses puck.
17:16 of 1st period - Icing by Jimmy Hayes.
17:17 of 1st period - Ryan Getzlaf wins face-off versus Patrik Berglund in Flames zone.
17:33 of 1st period - Icing by Kevin Labanc.
17:34 of 1st period - Anze Kopitar wins face-off versus Eric Staal in Flames zone.
17:45 of 1st period - Wrist shot by Christian Folin.
17:45 of 1st period - Stopped by Eric Comrie without a rebound.
17:46 of 1st period - Ryan Getzlaf wins face-off versus Patrik Berglund in Kings zone.
18:22 of 1st period - Penalty to Cam Fowler is over, Cam Fowler is back on ice.
18:50 of 1st period - Icing by Marc Staal.
18:51 of 1st period - Bryan Rust wins face-off versus Auston Matthews in Kings zone.
19:02 of 1st period - Minor Penalty to Colby Robak for Hooking.
19:03 of 1st period - Eric Staal wins face-off versus Auston Matthews in Flames zone.
19:19 of 1st period - Slapshot by Auston Matthews.
19:19 of 1st period - Shot Misses the Net.
19:51 of 1st period - Off-side.
19:52 of 1st period - Auston Matthews wins face-off versus Eric Staal in neutral zone.
Goals for this period are 1 for Kings vs 1 for Flames.
Shots for this period are 12 for Kings vs 4 for Flames.
2nd period
0:01 of 2nd period - Eric Staal wins face-off versus Auston Matthews in neutral zone.
0:29 of 2nd period - Slapshot by Hampus Lindholm.
0:29 of 2nd period - Stopped by Christopher Gibson with a rebound.
0:31 of 2nd period - Slapshot by Adam Fox.
0:31 of 2nd period - Shot Misses the Net.
0:33 of 2nd period - Wrist shot by Adam Fox.
0:33 of 2nd period - Shot Hit the Post.
0:35 of 2nd period - Snap shot by Hampus Lindholm.
0:35 of 2nd period - Deflect By Sami Vatanen.
0:35 of 2nd period - Stopped by Christopher Gibson with a rebound.
0:37 of 2nd period - Snap shot by Mitch Marner.
0:37 of 2nd period - Shot Misses the Net.
0:39 of 2nd period - Wrist shot by Auston Matthews.
0:39 of 2nd period - Shot Misses the Net.
0:41 of 2nd period - Slapshot by Adam Fox.
0:41 of 2nd period - Shot Hit the Post.
0:43 of 2nd period - Snap shot by Chris Kreider.
0:43 of 2nd period - Stopped by Christopher Gibson with a rebound.
0:51 of 2nd period - Slapshot by Hampus Lindholm.
0:51 of 2nd period - Shot Misses the Net.
0:53 of 2nd period - Slapshot by Adam Fox.
0:53 of 2nd period - Stopped by Christopher Gibson without a rebound.
0:54 of 2nd period - Eric Staal wins face-off versus Aleksander Barkov in Flames zone.
1:02 of 2nd period - Penalty to Colby Robak is over, Colby Robak is back on ice.
1:07 of 2nd period - Wrist shot by Erik Johnson.
1:07 of 2nd period - Shot Misses the Net.
1:17 of 2nd period - Ryan Getzlaf is hit by Colby Robak and loses puck.
1:42 of 2nd period - Snap shot by Tanner Pearson.
1:42 of 2nd period - Shot Blocked by Michael Matheson.
2:06 of 2nd period - Snap shot by Kevin Labanc.
2:06 of 2nd period - Shot Misses the Net.
2:08 of 2nd period - Slapshot by Esa Lindell.
2:08 of 2nd period - Deflect By Kevin Labanc.
2:08 of 2nd period - Stopped by Eric Comrie without a rebound.
2:09 of 2nd period - Anze Kopitar wins face-off versus Patrik Berglund in Kings zone.
2:20 of 2nd period - Slapshot by Anze Kopitar.
2:20 of 2nd period - Deflect By Mitch Marner.
2:20 of 2nd period - Shot Misses the Net.
2:20 of 2nd period - Puck is out of play.
2:21 of 2nd period - Eric Staal wins face-off versus Anze Kopitar in Flames zone.
2:23 of 2nd period - Minor Penalty to Eric Staal for Hooking.
2:24 of 2nd period - Brad Marchand wins face-off versus Auston Matthews in Flames zone.
2:24 of 2nd period - Brad Marchand is hit by Mitch Marner.
4:21 of 2nd period - Christian Folin is hit by Anze Kopitar and loses puck.
4:23 of 2nd period - Penalty to Eric Staal is over, Eric Staal is back on ice.
4:28 of 2nd period - Joe Pavelski is hit by Colby Robak and loses puck.
4:41 of 2nd period - Snap shot by Patrik Berglund.
4:41 of 2nd period - Shot Blocked by Cam Fowler.
4:50 of 2nd period - Slapshot by Cam Fowler.
4:50 of 2nd period - Shot Misses the Net.
4:54 of 2nd period - Wrist shot by Anze Kopitar.
4:54 of 2nd period - Shot Blocked by Sami Vatanen.
4:56 of 2nd period - Slapshot by Joe Pavelski.
4:56 of 2nd period - Shot Blocked by Erik Johnson.
4:58 of 2nd period - Snap shot by Jared Cowen.
4:58 of 2nd period - Stopped by Christopher Gibson with a rebound.
5:00 of 2nd period - Slapshot by Joe Pavelski.
5:00 of 2nd period - Shot Blocked by Sami Vatanen.
5:02 of 2nd period - Wrist shot by Anze Kopitar.
5:02 of 2nd period - Shot Misses the Net.
5:04 of 2nd period - Slapshot by Cam Fowler.
5:04 of 2nd period - Deflect By Joe Pavelski.
5:04 of 2nd period - Shot Misses the Net.
5:04 of 2nd period - Puck is out of play.
5:05 of 2nd period - Auston Matthews wins face-off versus Colin Wilson in Flames zone.
5:09 of 2nd period - Snap shot by Auston Matthews.
5:09 of 2nd period - Stopped by Christopher Gibson with a rebound.
5:11 of 2nd period - Slapshot by Marc Staal.
5:11 of 2nd period - Stopped by Christopher Gibson without a rebound.
5:12 of 2nd period - Colin Wilson wins face-off versus Auston Matthews in Flames zone.
5:29 of 2nd period - Jake DeBrusk is hit by Sean Bergenheim.
5:39 of 2nd period - Christian Folin is hit by Marc Staal and loses puck.
6:04 of 2nd period - Slapshot by Sean Bergenheim.
6:04 of 2nd period - Shot Misses the Net.
7:00 of 2nd period - Wrist shot by Sean Bergenheim.
7:00 of 2nd period - Stopped by Christopher Gibson without a rebound.
7:01 of 2nd period - Mitch Marner wins face-off versus Brad Marchand in Flames zone.
7:51 of 2nd period - David Ullstrom is hit by Hampus Lindholm and loses puck.
8:23 of 2nd period - Off-side.
8:24 of 2nd period - Patrik Berglund wins face-off versus Aleksander Barkov in neutral zone.
8:27 of 2nd period - Slapshot by Sami Vatanen.
8:27 of 2nd period - Stopped by Eric Comrie with a rebound.
8:52 of 2nd period - Wrist shot by Sami Vatanen.
8:52 of 2nd period - Shot Blocked by Adam Fox.
8:54 of 2nd period - Slapshot by Erik Johnson.
8:54 of 2nd period - Shot Blocked by Adam Fox.
8:56 of 2nd period - Wrist shot by Brad Marchand.
8:56 of 2nd period - Stopped by Eric Comrie without a rebound.
8:57 of 2nd period - Eric Staal wins face-off versus Anze Kopitar in Kings zone.
9:00 of 2nd period - Snap shot by Brad Marchand.
9:00 of 2nd period - Shot Misses the Net.
9:09 of 2nd period - Off-side.
9:10 of 2nd period - Eric Staal wins face-off versus Anze Kopitar in neutral zone.
9:42 of 2nd period - Cam Fowler is hit by Patrik Berglund and loses puck.
10:43 of 2nd period - Slapshot by Kyle Palmieri.
10:43 of 2nd period - Stopped by Eric Comrie with a rebound.
10:45 of 2nd period - Wrist shot by David Ullstrom.
10:45 of 2nd period - Shot Misses the Net.
10:47 of 2nd period - Slapshot by Colby Robak.
10:47 of 2nd period - Shot Blocked by Mitch Marner.
10:49 of 2nd period - Snap shot by Colby Robak.
10:49 of 2nd period - Stopped by Eric Comrie without a rebound.
10:50 of 2nd period - Patrik Berglund wins face-off versus Anze Kopitar in Kings zone.
10:53 of 2nd period - Snap shot by Jimmy Hayes.
10:53 of 2nd period - Stopped by Eric Comrie with a rebound.
11:07 of 2nd period - Slapshot by Chris Kreider.
11:07 of 2nd period - Deflect By Mitch Marner.
11:07 of 2nd period - Shot Blocked by Erik Johnson.
11:07 of 2nd period - Puck is out of play.
11:08 of 2nd period - Aleksander Barkov wins face-off versus Eric Staal in Flames zone.
11:09 of 2nd period - Wrist shot by Jordan Eberle.
11:09 of 2nd period - Deflect By Aleksander Barkov.
11:09 of 2nd period - Shot Misses the Net.
11:09 of 2nd period - Puck is out of play.
11:10 of 2nd period - Eric Staal wins face-off versus Jordan Eberle in Flames zone.
11:19 of 2nd period - Snap shot by Alex DeBrincat.
11:19 of 2nd period - Deflect By Jordan Eberle.
11:19 of 2nd period - Stopped by Christopher Gibson without a rebound.
11:20 of 2nd period - Eric Staal wins face-off versus Anze Kopitar in Flames zone.
11:27 of 2nd period - Snap shot by Erik Johnson.
11:27 of 2nd period - Stopped by Eric Comrie with a rebound.
11:29 of 2nd period - Wrist shot by Bryan Rust.
11:29 of 2nd period - Deflect By Eric Staal.
11:29 of 2nd period - Goal by Eric Staal - Kings : 1 - Flames : 2.
11:30 of 2nd period - Anze Kopitar wins face-off versus Eric Staal in neutral zone.
11:30 of 2nd period - Anze Kopitar is hit by Brad Marchand.
11:52 of 2nd period - Minor Penalty to Sami Vatanen for Hooking.
11:53 of 2nd period - Eric Staal wins face-off versus Auston Matthews in Flames zone.
13:52 of 2nd period - Penalty to Sami Vatanen is over, Sami Vatanen is back on ice.
14:07 of 2nd period - Snap shot by Kevin Labanc.
14:07 of 2nd period - Deflect By Colin Wilson.
14:07 of 2nd period - Stopped by Eric Comrie without a rebound.
14:08 of 2nd period - Zac Rinaldo wins face-off versus Colin Wilson in Kings zone.
14:25 of 2nd period - Icing by Zac Rinaldo.
14:26 of 2nd period - Ryan Getzlaf wins face-off versus Eric Staal in Kings zone.
14:31 of 2nd period - Wrist shot by Ryan Getzlaf.
14:31 of 2nd period - Stopped by Christopher Gibson with a rebound.
14:33 of 2nd period - Snap shot by Zac Rinaldo.
14:33 of 2nd period - Shot Blocked by Eric Staal.
14:35 of 2nd period - Slapshot by Michael Matheson.
14:35 of 2nd period - Shot Blocked by Brad Marchand.
14:37 of 2nd period - Snap shot by Ryan Getzlaf.
14:37 of 2nd period - Stopped by Christopher Gibson with a rebound.
15:27 of 2nd period - Snap shot by Ryan Getzlaf.
15:27 of 2nd period - Deflect By Joe Pavelski.
15:27 of 2nd period - Shot Misses the Net.
15:27 of 2nd period - Puck is out of play.
15:28 of 2nd period - Aleksander Barkov wins face-off versus Patrik Berglund in Flames zone.
15:34 of 2nd period - Minor Penalty to Jimmy Hayes for Hooking.
15:35 of 2nd period - Eric Staal wins face-off versus Chris Kreider in Flames zone.
15:35 of 2nd period - Eric Staal is hit by Chris Kreider.
17:34 of 2nd period - Penalty to Jimmy Hayes is over, Jimmy Hayes is back on ice.
17:51 of 2nd period - Cam Fowler is hit by Tanner Pearson and loses puck.
18:10 of 2nd period - Marc Staal is hit by David Ullstrom and loses puck.
18:21 of 2nd period - Slapshot by Kyle Palmieri.
18:21 of 2nd period - Shot Misses the Net.
18:23 of 2nd period - Snap shot by Erik Johnson.
18:23 of 2nd period - Stopped by Eric Comrie without a rebound.
18:24 of 2nd period - Ryan Getzlaf wins face-off versus Eric Staal in Kings zone.
18:49 of 2nd period - Snap shot by Tanner Pearson.
18:49 of 2nd period - Stopped by Eric Comrie with a rebound.
19:01 of 2nd period - Sami Vatanen is hit by Anze Kopitar and loses puck.
19:41 of 2nd period - Wrist shot by Joe Pavelski.
19:41 of 2nd period - Stopped by Christopher Gibson without a rebound.
19:42 of 2nd period - Eric Staal wins face-off versus Ryan Getzlaf in Flames zone.
19:49 of 2nd period - Snap shot by Eric Staal.
19:49 of 2nd period - Stopped by Eric Comrie with a rebound.
19:57 of 2nd period - Slapshot by Christian Folin.
19:57 of 2nd period - Deflect By Joe Pavelski.
19:57 of 2nd period - Stopped by Eric Comrie without a rebound.
19:58 of 2nd period - Anze Kopitar wins face-off versus Patrik Berglund in Kings zone.
19:58 of 2nd period - Anze Kopitar is hit by Tanner Pearson.
Goals for this period are 0 for Kings vs 1 for Flames.
Shots for this period are 12 for Kings vs 13 for Flames.
3rd period
0:01 of 3rd period - Patrik Berglund wins face-off versus Anze Kopitar in neutral zone.
0:01 of 3rd period - Patrik Berglund is hit by Jared Cowen.
0:10 of 3rd period - Erik Johnson is hit by Mitch Marner and loses puck.
0:29 of 3rd period - Bryan Rust is hit by Alex DeBrincat and loses puck.
0:40 of 3rd period - Wrist shot by Bryan Rust.
0:40 of 3rd period - Shot Blocked by Hampus Lindholm.
0:54 of 3rd period - Snap shot by Auston Matthews.
0:54 of 3rd period - Shot Misses the Net.
0:56 of 3rd period - Slapshot by Jared Cowen.
0:56 of 3rd period - Stopped by Christopher Gibson without a rebound.
0:57 of 3rd period - Patrik Berglund wins face-off versus Anze Kopitar in Flames zone.
1:02 of 3rd period - Anze Kopitar is hit by Esa Lindell and loses puck.
1:07 of 3rd period - Wrist shot by Jimmy Hayes.
1:07 of 3rd period - Deflect By Patrik Berglund.
1:07 of 3rd period - Stopped by Eric Comrie without a rebound.
1:08 of 3rd period - Aleksander Barkov wins face-off versus Eric Staal in Kings zone.
1:08 of 3rd period - Aleksander Barkov is hit by Bryan Rust.
1:21 of 3rd period - Minor Penalty to Jordan Eberle for Hooking.
1:22 of 3rd period - Patrik Berglund wins face-off versus Ryan Getzlaf in Kings zone.
1:36 of 3rd period - Wrist shot by Jimmy Hayes.
1:36 of 3rd period - Shot Misses the Net.
1:38 of 3rd period - Snap shot by Patrik Berglund.
1:38 of 3rd period - Shot Blocked by Jared Cowen.
1:59 of 3rd period - Slapshot by Anze Kopitar.
1:59 of 3rd period - Stopped by Christopher Gibson with a rebound.
2:01 of 3rd period - Snap shot by Zac Rinaldo.
2:01 of 3rd period - Stopped by Christopher Gibson with a rebound.
2:03 of 3rd period - Snap shot by Zac Rinaldo.
2:03 of 3rd period - Deflect By Anze Kopitar.
2:03 of 3rd period - Stopped by Christopher Gibson without a rebound.
2:04 of 3rd period - Anze Kopitar wins face-off versus Patrik Berglund in Flames zone.
3:21 of 3rd period - Penalty to Jordan Eberle is over, Jordan Eberle is back on ice.
3:54 of 3rd period - Eric Staal is hit by Alex DeBrincat and loses puck.
4:11 of 3rd period - Backhand shot by Jake DeBrusk.
4:11 of 3rd period - Stopped by Eric Comrie with a rebound.
4:19 of 3rd period - Minor Penalty to Jared Cowen for Interference.
4:20 of 3rd period - Patrik Berglund wins face-off versus Ryan Getzlaf in Kings zone.
4:23 of 3rd period - Slapshot by Tanner Pearson.
4:23 of 3rd period - Shot Blocked by Marc Staal.
4:49 of 3rd period - Snap shot by Tanner Pearson.
4:49 of 3rd period - Shot Blocked by Marc Staal.
5:01 of 3rd period - Slapshot by Jimmy Hayes.
5:01 of 3rd period - Deflect By Tanner Pearson.
5:01 of 3rd period - Goal by Tanner Pearson - Kings : 1 - Flames : 3.
5:02 of 3rd period - Anze Kopitar wins face-off versus Eric Staal in neutral zone.
5:07 of 3rd period - Snap shot by Mitch Marner.
5:07 of 3rd period - Shot Misses the Net.
5:18 of 3rd period - Minor Penalty to Erik Johnson for Hooking.
5:19 of 3rd period - Eric Staal wins face-off versus Auston Matthews in Flames zone.
7:10 of 3rd period - Icing by Jordan Eberle.
7:11 of 3rd period - Auston Matthews wins face-off versus Patrik Berglund in Kings zone.
7:18 of 3rd period - Penalty to Erik Johnson is over, Erik Johnson is back on ice.
8:02 of 3rd period - Marc Staal is hit by David Ullstrom and loses puck.
8:09 of 3rd period - Wrist shot by Kyle Palmieri.
8:09 of 3rd period - Shot Misses the Net.
8:59 of 3rd period - Wrist shot by Tanner Pearson.
8:59 of 3rd period - Stopped by Eric Comrie without a rebound.
9:00 of 3rd period - Patrik Berglund wins face-off versus Aleksander Barkov in Kings zone.
9:01 of 3rd period - Wrist shot by Tanner Pearson.
9:01 of 3rd period - Stopped by Eric Comrie with a rebound.
9:03 of 3rd period - Snap shot by Patrik Berglund.
9:03 of 3rd period - Stopped by Eric Comrie without a rebound.
9:04 of 3rd period - Aleksander Barkov wins face-off versus Eric Staal in Kings zone.
9:30 of 3rd period - Adam Fox is hit by Erik Johnson and loses puck.
10:37 of 3rd period - Zac Rinaldo is hit by David Ullstrom and loses puck.
11:02 of 3rd period - Anze Kopitar is hit by Jake DeBrusk and loses puck.
11:26 of 3rd period - Minor Penalty to Sean Bergenheim for Tripping.
11:27 of 3rd period - Ryan Getzlaf wins face-off versus Patrik Berglund in Kings zone.
12:48 of 3rd period - Eric Staal is hit by Cam Fowler and loses puck.
12:55 of 3rd period - Michael Matheson is hit by Kevin Labanc and loses puck.
13:26 of 3rd period - Penalty to Sean Bergenheim is over, Sean Bergenheim is back on ice.
13:38 of 3rd period - Minor Penalty to Erik Johnson for Tripping.
13:39 of 3rd period - Auston Matthews wins face-off versus Eric Staal in Flames zone.
13:48 of 3rd period - Wrist shot by Mitch Marner.
13:48 of 3rd period - Shot Blocked by Christian Folin.
15:13 of 3rd period - Sami Vatanen is hit by Adam Fox and loses puck.
15:38 of 3rd period - Penalty to Erik Johnson is over, Erik Johnson is back on ice.
15:48 of 3rd period - Wrist shot by Joe Pavelski.
15:48 of 3rd period - Shot Misses the Net.
16:22 of 3rd period - Sami Vatanen is hit by Cam Fowler and loses puck.
17:27 of 3rd period - Michael Matheson is hit by Esa Lindell and loses puck.
Goals for this period are 0 for Kings vs 1 for Flames.
Shots for this period are 4 for Kings vs 6 for Flames.